 Dungeon Crawl Stone Soup version 0.28-a0-1435-g82390b3a13 (webtiles) character file.

Game seed: 8707132292522722077

69 HallandMoats the Skirmisher (level 4, 0/55 HPs)
             Began as a Demonspawn Fighter on Jan 9, 2022.
             Succumbed to an orc's poison
             ... on level 3 of the Dungeon.
             The game lasted 00:01:39 (1957 turns).

HallandMoats the Skirmisher (Demonspawn Fighter)    Turns: 1957, Time: 00:01:40

Health: 0/55       AC: 22    Str: 19    XL:     4   Next: 2%
Magic:  4/4        EV:  2    Int:  9    God:
Gold:   122        SH:  5    Dex: 18    Spells: 3/3 levels left

rFire   . . .      SeeInvis .   a - +0 long sword
rCold   . . .      Faith    .   c - +0 buckler
rNeg    . . .      Spirit   .   (armour currently unavailable)
rPois   +          Reflect  .   (helmet currently unavailable)
rElec   .          Harm     .   (cloak currently unavailable)
rCorr   .          Rampage  .   (gloves currently unavailable)
Will    .....      NoTele   +   (boots currently unavailable)
Stlth   ++........              (no amulet)
HPRegen 0.18/turn               i - +6 ring of dexterity
MPRegen 0.09/turn               (no ring)

@: lethally poisoned (0 -> -10), tree-form
A: stationary, stasis, torment immunity, boosted hp, (claws 1)
a: no special abilities


You were on level 3 of the Dungeon.
You were a tree.
You visited 1 branch of the dungeon, and saw 3 of its levels.

You collected 122 gold pieces.

Inventory:

Hand Weapons
 a - a +0 long sword (weapon)
Armour
 b - a +0 scale mail (melded)
 c - a +0 buckler (worn)
Jewellery
 i - a +6 ring of dexterity (left branch)
Scrolls
 e - a scroll of noise {unknown}
 f - 2 scrolls of enchant armour {unknown}
 g - 3 scrolls of identify {unknown}
 j - 2 scrolls of teleportation {unknown}
 l - a scroll of enchant weapon {unknown}
Potions
 d - 2 potions of might
 h - a potion of lignification


   Skills:
 * Level 3.7 Fighting
 * Level 2.5 Long Blades
 + Level 3.0 Armour
 + Level 0.8 Dodging
 + Level 2.9 Shields


You had 3 spell levels left.
You didn't know any spells.
Your spell library contained the following spells:

 Spells                   Type           Power      Damage    Failure   Level
 Magic Dart               Conj           0%         1d3       47%         1
 Corpse Rot               Necr/Air       0%         N/A       63%         2
 Poisonous Vapours        Pois/Air       0%         N/A       63%         2
 Searing Ray              Conj           0%         2d4       63%         2
 Fulminant Prism          Conj/Hex       0%         3d6       99%         4


Dungeon Overview and Level Annotations

Branches:
Dungeon (3/15)

Altars:
Sif Muna
Uskayaw

Shops:
D:1 ?   D:2 [


Innate Abilities, Weirdness & Mutations

You are a tree.
Your roots penetrate the ground, keeping you stationary.
You cannot be teleported.
You are immune to unholy pain and torment.
Your maximum health is greatly increased.
Your equipment is partially melded.
((You have sharp fingernails.))


Message History

There are monsters nearby!
You barely miss the orc. The bat closely misses you.
The orc hits you with a +2 hand axe of venom.
You are poisoned.
You completely miss the orc.
You feel very sick. The bat hits you but does no damage.
The orc hits you with a +2 hand axe of venom.
You are more poisoned.
The orc barely misses you.
You hit the orc.
The orc is heavily wounded.
You feel very sick. You block the bat's attack. The orc barely misses you.
You barely miss the orc.
The orc is heavily wounded.
You feel very sick. The bat completely misses you. You block the orc's attack.
You barely miss the orc.
The orc is heavily wounded.
You feel sick. The bat closely misses you. The orc hits you but does no damage.
You are more poisoned.
The orc hits you with a +2 hand axe of venom.
You are more poisoned.
You are too injured to fight recklessly!
You are too injured to fight recklessly!
* * * LOW HITPOINT WARNING * * *
You feel very sick. The bat barely misses you.
* * * LOW HITPOINT WARNING * * *
You feel very sick. The bat hits you but does no damage.
It was a potion of lignification.
You turn into a tree.
Your +0 scale mail melds into your body.
Your roots penetrate the ground.
* * * LOW HITPOINT WARNING * * *
You feel very sick. The orc hits you but does no damage.
It was a potion of flight.
Your roots keep you in place.
You die...

########## #........#
####.≈≈≈....#####
##....≈!≈.......#.
##.....≈≈≈.....#...
#...............##.
#..................
##..................
##..♣..............#.
##..ob..............#.
#...................#.
#.....................
#.....................
#.........#...###...#.
#............## ##...
#.........#... ....#
#.........# ##...


You could see an orc and a bat.

Vanquished Creatures
  2 adders (D:2)
  2 worms (D:2)
  A dart slug (D:2)
  3 ball pythons (D:1)
  An endoplasm (D:1)
  3 giant cockroaches
  7 goblins
  2 hobgoblins
  2 jackals (D:3)
  2 quokkas (D:1)
  7 bats
  6 frilled lizards
  3 kobolds
  A rat (D:1)
42 creatures vanquished.

Notes
Turn   | Place    | Note
-------+----------+-------------------------------------------
     0 | D:1      | HallandMoats the Demonspawn Fighter began the quest for the
                  | Orb.
     0 | D:1      | Reached XP level 1. HP: 18/18 MP: 1/1
   134 | D:1      | Found Opniwa's Magic Scroll Boutique.
   458 | D:1      | Gained mutation: You have sharp fingernails. [demonic
                  | ancestry]
   458 | D:1      | Reached XP level 2. HP: 14/24 MP: 2/2
   965 | D:2      | Reached XP level 3. HP: 29/29 MP: 3/3
  1370 | D:2      | Found Coliq's Antique Armour Shop.
  1849 | D:3      | Reached XP level 4. HP: 36/37 MP: 4/4
  1864 | D:3      | Found a hide-covered altar of Uskayaw.
  1876 | D:3      | Found a shimmering blue altar of Sif Muna.
  1956 | D:3      | HP: 2/55 [poisoned by an orc]
  1957 | D:3      | Succumbed to an orc's poison

Illustrated notes

Levels and vault maps discovered:
D:1:      wander_arrival_estate, layout_rooms, serial_shops, shop_scrolls,
          minmay_misc_feat_square
D:2:      layout_loops_ring, serial_shops, shop
D:3:      layout_rooms, nicolae_sif_muna_condensation,
          mainiacjoe_overflow_surrounded_room, serial_park_tiny_1,
          corexii_item_surrounded_by_moat, uniq_crazy_yiuf_cottage

Skill      XL: |  1  2  3 |
---------------+----------+-----
Long Blades    | 2 |  2.5
Armour         | 3 |  3.0
Fighting       | |  3.7
Dodging        | |  0.8
Shields        | |  2.9

Action                   |  1- 3 |  4- 6 || total
-------------------------+-------+-------++-------
Melee: Long sword        |   117 |     8 ||   125
  Use: Potion            |       |     2 ||     2
Armor: Scale mail        |    81 |     4 ||    85
       Skin              |       |     1 ||     1
Dodge: Dodged            |    56 |     7 ||    63
Block: Buckler           |    34 |     3 ||    37

Table legend: (Time is in decaauts)
 A = Elapsed time spent in this place.
 B = Non-inter-level travel time spent in this place.
 C = Inter-level travel time spent in this place.
 D = Time resting spent in this place.
 E = Time spent auto-exploring this place.
 F = Levels seen in this place.
 G = Mean time per level.
                   A        B        C        D        E       F      G
               +--------+--------+--------+--------+--------+-----+--------+
         Total |   1998 |   1968 |     30 |    244 |   1398 |   3 |  666.0 |
       Dungeon |   1998 |   1968 |     30 |    244 |   1398 |   3 |  666.0 |
               +--------+--------+--------+--------+--------+-----+--------+

Top non-repeatable levels by time:
     D:1: 952 daAuts
     D:2: 894 daAuts
     D:3: 152 daAuts
